 Dungeon Sprint DCSS version 0.21.1-1-g345015f (webtiles) character file.

54 Psiloshibe the Carver (level 7, -12/67 HPs)
             Began as a Barachi Berserker on June 10, 2018.
             Was an Elder of Trog.
             Mangled by a tyrant leech (32 damage)
             ... in the Dungeon (Sprint VI: "Thunderdome").
             The game lasted 00:05:03 (312 turns).

Psiloshibe the Carver (Barachi Berserker)            Turns: 312, Time: 00:05:03

Health: -12/67     AC:  2    Str: 26    XL:     7   Next: 75%
Magic:  7/7        EV: 17    Int: 11    God:    Trog [****..]
Gold:   55         SH:  0    Dex: 18    Spells: 6/6 levels left

rFire    . . .     SeeInvis .   a - +0 falchion
rCold    . . .     Gourm    .   (no shield)
rNeg     + + .     Faith    +   b - +0 animal skin
rPois    .         Spirit   .   (no helmet)
rElec    .         Reflect  .   (no cloak)
rCorr    .         Harm     .   (no gloves)
MR       ++...     NoTele   +   (no boots)
Stlth    ++........             q - amulet of the Iron Devil {Faith Dex+4}
HPRegen  1.21/turn              n - ring "Mahix" {Str+6 Int+4}
MPRegen  0.10/turn              u - ring "Wupyavunt" {rN++ Dex+2}

@: can't hop, regenerating, slow
A: +LOS, swims, slowness 1, strong legs 1
a: Hop, Berserk, Trog's Hand, Brothers in Arms, Burn Spellbooks, Renounce
Religion


You were in the Dungeon.
You worshipped Trog.
Trog was greatly pleased with you.
You were hungry.

You visited 1 branch You collected 280 gold pieces.
You spent 225 gold pieces at shops.

Inventory:

Hand Weapons
 a - a +0 falchion (weapon)
Missiles
 t - a javelin of penetration (quivered)
Armour
 b - a +0 animal skin (worn)
 r - a +0 scale mail
Jewellery
 n - the ring "Mahix" (left hand) {Str+6 Int+4}
   (You bought it in a shop in the Dungeon)

   [ring of strength]

   It affects your strength (+6).
   It affects your intelligence (+4).
 q - the amulet of the Iron Devil (around neck) {Faith Dex+4}
   (You bought it in a shop in the Dungeon)

   [amulet of faith]

   It allows you to gain divine favour quickly.
   It affects your dexterity (+4).
 u - the ring "Wupyavunt" (right hand) {rN++ Dex+2}
   (You bought it in a shop in the Dungeon)

   [ring of dexterity]

   It affects your dexterity (+2).
   It greatly protects you from negative energy.
Wands
 k - a wand of acid (5)
 l - a wand of iceblast (4)
Scrolls
 i - 4 scrolls of blinking
 m - 3 scrolls of fog
Potions
 e - 4 potions of heal wounds
 f - 4 potions of haste
 g - 2 potions of magic
 h - a potion of berserk rage
 j - 2 potions of resistance
 s - a potion of flight {unknown}
Comestibles
 c - a ration
 p - 3 chunks of flesh


   Skills:
 + Level 10.9 Fighting
 + Level 11.9 Long Blades
 * Level 7.2 Throwing
 + Level 5.4 Armour
 + Level 6.3 Dodging


You had 6 spell levels left.
You didn't know any spells.

Dungeon Overview and Level Annotations

Branches:
Dungeon (1/1)

Altars:
Cheibriados
Dithmenos
Fedhas
Gozag
Kikubaaqudgha
Makhleb
Okawaru
Qazlal
Ru
Sif Muna
Trog
Uskayaw
Vehumet
Wu Jian
Xom
Yredelemnul
Zin
The Shining One
Beogh
Jiyva
Lugonu

Shops:
D *[%??*?*:[((!!!!


Innate Abilities, Weirdness & Mutations

Shadows flee at your approach. (+LOS)
You can swim through water.
You cover ground slowly.
You can hop short distances.


Message History

The tyrant leech draws strength from your injuries!
The tyrant leech completely misses you.
Your polar bear bites the bullfrog!
The bullfrog dies!
Trog accepts your kill.
You can now call in reinforcements.
You hear an angry growl.
Your polar bear closely misses the tyrant leech. x2
Your polar bear completely misses the tyrant leech.
The tyrant leech bites your polar bear.
Your polar bear bites the tyrant leech!
Your polar bear claws the tyrant leech.
The tyrant leech dies!
Trog accepts your kill.
Your Throwing skill increases to level 7!
Your Dodging skill increases to level 6!
Unknown command.
Your skin crawls.
You feel resistant to hostile enchantments.
You are feeling hungry.
The tyrant leech bites you!!
You die...

###.........### #⌠..[........⌠#
######.8.......v.8.######
##∩__.(.(..)###......__.∩##
###∩.)([....8(# #.8........∩###
##..=.......)..###.[...........#
#⌠.....()..h###...###..........⌠
#⌠..........# #.<.# #..........⌠
#⌠.........(###@..###..........⌠
##...........hw###.............#
###∩........8.# #§8........∩###
##∩_._......###......___∩##
######.8.........8.######
#⌠...........⌠# ###.........###
#_......._# #_......._#


You could see a tyrant leech and a friendly polar bear (berserk).

Vanquished Creatures
  Sigmund (D)
  A swamp drake (D)
  An ogre (D)
  Blork the orc (D)
  An orc priest (D)
  An adder (D)
  A worm (D)
  4 orcs (D)
  A kobold (D)
12 creatures vanquished.

Vanquished Creatures (collateral kills)
  A tyrant leech (D)
  An insubstantial wisp (D)
  A bullfrog (D)
3 creatures vanquished.

Grand Total: 15 creatures vanquished

Notes
Turn   | Place    | Note
-------+----------+-------------------------------------------
     0 | D        | Psiloshibe the Barachi Berserker began the quest for the Orb.
     0 | D        | Reached XP level 1. HP: 18/18 MP: 1/1
     0 | D        | Found a bloodstained altar of Trog.
     0 | D        | Found a burning altar of Makhleb.
     3 | D        | Found a shadowy altar of Dithmenos.
     3 | D        | Found a stormy altar of Qazlal.
     4 | D        | Found a blossoming altar of Fedhas.
     4 | D        | Found a glowing golden altar of the Shining One.
     5 | D        | Found a corrupted altar of Lugonu.
     5 | D        | Found an opulent altar of Gozag.
     5 | D        | Round 1.
     6 | D        | Found Kocrykach's Delicious Food.
     6 | D        | Found a deep blue altar of Sif Muna.
     6 | D        | Found Yrchas's Identification Station.
     6 | D        | Found a snail-covered altar of Cheibriados.
     7 | D        | Found Voyt's Jewellery.
     7 | D        | Found Jasoaxy's Advanced Armour.
     7 | D        | Found a hide-covered altar of Uskayaw.
     7 | D        | Found a glowing silver altar of Zin.
     9 | D        | Noticed an ogre
    17 | D        | Bought a smoking glass ring for 45 gold pieces
    17 | D        | Bought a translucent pewter ring for 45 gold pieces
    17 | D        | Bought a heavily runed silver amulet for 45 gold pieces
    17 | D        | Identified the amulet "Fimogaet" {Inacc rC++ MR- Dex+4 Stlth+} (You bought it in a shop in the Dungeon)
    19 | D        | Bought a sparkling emerald amulet for 45 gold pieces
    19 | D        | Identified the amulet of the Iron Devil {Faith Dex+4} (You bought it in a shop in the Dungeon)
    20 | D        | Identified the ring "Mahix" {Str+6 Int+4} (You bought it in a shop in the Dungeon)
    21 | D        | Identified the ring of a Spat {MP+9 Int+2} (You bought it in a shop in the Dungeon)
    29 | D        | Found a sacrificial altar of Ru.
    36 | D        | Reached skill level 4 in Long Blades
    36 | D        | Reached skill level 1 in Throwing
    41 | D        | Killed an ogre
    41 | D        | Reached ** piety under Trog
    41 | D        | Reached skill level 6 in Long Blades
    41 | D        | Reached XP level 2. HP: 21/29 MP: 2/2
    41 | D        | Reached XP level 3. HP: 26/35 MP: 3/3
    41 | D        | Reached XP level 4. HP: 31/41 MP: 3/4
    43 | D        | Found Gukkycw's Magic Scroll Shop.
    43 | D        | Found Nupei's Staff Store.
    44 | D        | Found Myetes's Magic Scroll Shop.
    44 | D        | Found Meorunamp's Must-Have Magic.
    52 | D        | Noticed Sigmund
    60 | D        | Found a roughly hewn altar of Beogh.
    60 | D        | Found an iron altar of Okawaru.
    60 | D        | Found a viscous altar of Jiyva.
    61 | D        | Found an ornate altar of the Wu Jian Council.
    61 | D        | Found a radiant altar of Vehumet.
    62 | D        | Found a basalt altar of Yredelemnul.
    63 | D        | Found Foobo's Do-It-Yourself Clinic.
    63 | D        | Found Viat's Distillery.
    64 | D        | Found Atu Haep's Bottled Wisdom.
    64 | D        | Found Feqesero's Distillery.
    64 | D        | Found an ancient bone altar of Kikubaaqudgha.
    64 | D        | Found a shimmering altar of Xom.
    73 | D        | Reached skill level 7 in Long Blades
    80 | D        | Killed Sigmund
    80 | D        | Reached *** piety under Trog
    80 | D        | Arena points: 12 (+12) [x2]
    80 | D        | Reached skill level 9 in Long Blades
    80 | D        | Reached skill level 5 in Throwing
    80 | D        | Reached XP level 5. HP: 18/51 MP: 5/5
    80 | D        | Reached XP level 6. HP: 21/57 MP: 6/6
    99 | D        | Round 2.
   132 | D        | Noticed Blork the orc
   144 | D        | Killed Blork the orc
   144 | D        | Received a gift from Trog
   144 | D        | Reached **** piety under Trog
   144 | D        | Reached skill level 5 in Dodging
   157 | D        | Received a gift from Trog
   157 | D        | Arena points: 54 (+42) [x3]
   157 | D        | Reached skill level 10 in Long Blades
   182 | D        | Bought a clouded wooden ring for 45 gold pieces
   183 | D        | Identified the ring "Wupyavunt" {rN++ Dex+2} (You bought it in a shop in the Dungeon)
   215 | D        | Round 3.
   216 | D        | Noticed an insubstantial wisp
   232 | D        | Found Wasmil's Weapon Rack.
   233 | D        | Found Jykkov's Premium Goods.
   233 | D        | Found Pozuts's Basic Armour.
   233 | D        | Found Genamy's Miscellaneous Merchandise.
   238 | D        | Noticed a swamp drake
   255 | D        | Noticed a tyrant leech
   283 | D        | Noticed a tyrant leech
   291 | D        | Killed a swamp drake
   291 | D        | Reached skill level 5 in Armour
   291 | D        | Reached XP level 7. HP: 31/65 MP: 7/7
   305 | D        | Killed an insubstantial wisp
   305 | D        | Received a gift from Trog
   305 | D        | Reached skill level 10 in Fighting
   305 | D        | Reached skill level 11 in Long Blades
   311 | D        | Killed a tyrant leech
   312 | D        | Mangled by a tyrant leech

Skill      XL: |  1  2  3  4  5  6  7 |
---------------+----------------------+-----
Fighting       | 6 8 9 10 | 10.9
Long Blades    | 6 9 10 11 | 11.9
Throwing       | 3 5 6 7 |  7.2
Armour         | 3 4 5 |  5.4
Dodging        | 3 4 5 6 |  6.3

Action                   |  1- 3 |  4- 6 |  7- 9 || total
-------------------------+-------+-------+-------++-------
Melee: Falchion          |     7 |    41 |     3 ||    51
Throw: Javelin           |       |       |     5 ||     5
Invok: Berserk           |     1 |     2 |       ||     3
       Trog's Hand       |       |     6 |     1 ||     7
       Brothers in Arms  |       |       |     1 ||     1
 Abil: Hop               |       |     2 |       ||     2
Evoke: Wand              |       |       |     1 ||     1
  Use: Potion            |       |     1 |       ||     1
  Eat: Chunk             |       |     3 |       ||     3
Dodge: Dodged            |     1 |    51 |     2 ||    54
       Rpst.: Falchion   |       |    10 |       ||    10
